 Dungeon Crawl Stone Soup version 0.29.1-2-gbd0b4ee654 (webtiles) character file.

Game seed: 13255261455565013736

2 NogeeEf the Magician (level 1, -1/15 HPs)
             Began as a Djinni Necromancer on Nov 30, 2022.
             Slain by a kobold
             ... wielding a +0 club
              (3 damage)
             ... on level 1 of the Dungeon.
             The game lasted 00:01:17 (49 turns).

NogeeEf the Magician (Djinni Necromancer)             Turns: 49, Time: 00:01:17

Health: -1/15      AC:  2    Str:  7    XL:     1   Next: 44%
Gold:   0          EV: 12    Int: 16    God:
                   SH:  0    Dex: 13

rFire   + + .      SeeInvis .   (no weapon)
rCold   x . .      Faith    .   (no shield)
rNeg    . . .      Spirit   .   a - +0 robe
rPois   ∞          Reflect  .   (no helmet)
rElec   .          Harm     .   (no cloak)
rCorr   .          Rampage  .   (no gloves)
Will    .....                   (boots unavailable)
Stlth   ++........              (no amulet)
HPRegen 0.05/turn               (no ring)
MPRegen 0.00/turn               (no ring)

@: flying
A: sickness immunity, fire resistance 2, cold vulnerability 1, float, innate
caster, HP casting, extra vitality 1
a: no special abilities


You were on level 1 of the Dungeon.
You visited 1 branch of the dungeon, and saw 1 of its levels.

Inventory:

Armour
 a - a +0 robe (worn)
Scrolls
 b - a scroll of teleportation {unknown}


   Skills:
 + Level 2.1 Dodging
 + Level 1.5 Stealth
 + Level 3.3 Spellcasting


You couldn't memorise any spells.
You knew the following spells:

 Your Spells              Type           Power      Damage    Failure   Level
a - Necrotise             Necr           52%        1d6       4%          1
b - Vampiric Draining     Necr           13%        2d6       14%         3
c - Animate Dead          Necr           13%        N/A       41%         4
d - Agony                 Necr           13%        N/A       77%         5
Your spell library was empty.

Dungeon Overview and Level Annotations

Branches:
Dungeon (1/15)

Altars:


Innate Abilities, Weirdness & Mutations

You are immune to sickness and miasma.
You are immune to poison.
Your flesh is very heat resistant. (rF++)
You are vulnerable to cold. (rC-)
You float through the air rather than walking.
You learn spells naturally, not from books.
Your magical power is your life essence.
You have superior vitality. (+4 MHP)


Message History

Confirm with . or Enter, or press ? or * to list all spells.
Aiming: Necrotise (safe; 4% risk of failure)
Press: ? - help, Shift-Dir - straight line, f/p - giant cockroach
Aim: a giant cockroach (severely wounded, ally target, chance to affect: 83%)
The giant cockroach writhes in agony.
You kill the giant cockroach!
Unknown command.
b - a scroll labelled JICLATZO JUSHE You see here a giant cockroach corpse.
There are no objects that can be picked up here. a giant cockroach corpse
There is a stone staircase leading down here.
Found a stone.
A rat comes into view.
Found a dark potion.
Found a broad axe.
You see here a stone.
A kobold comes into view. It is wielding a +0 club.
The kobold shouts!
Your rat skeleton crumbles into dust!
You closely miss the kobold. The kobold hits you with a +0 club.
The rat bites you but does no damage. The kobold misses you.
You see here a stone.
The kobold attacks as you move away! The kobold hits you but does no damage.
The rat attacks as you move away! The rat barely misses you.
The kobold attacks as you move away! The kobold completely misses you.
Casting: Necrotise (safe; 4% risk of failure)
Confirm with . or Enter, or press ? or * to list all spells.
Aiming: Necrotise (safe; 4% risk of failure)
Press: ? - help, Shift-Dir - straight line, f - rat
Aim: a rat (chance to affect: 83%)
The rat writhes in agony.
You kill the rat!
* * * LOW HITPOINT WARNING * * *
The dead are walking!
The kobold hits you with a +0 club.
* * * LOW HITPOINT WARNING * * *
Your rat skeleton bites the kobold.
The kobold attacks as you move away! The kobold hits you with a +0 club.
You die...

....# ...# ....# #.. ....#
##.## ....# #...#
....#########...#######
....##................#
#...##..........#####)# .
#..........>........#.## ##.
'...#....#.#....@K..(..#.....
#..........†.....Z........#
#...##...#.#....#.#.#..#.....
...##..................# .!##
...##...........#.#.##... ...
...##...........#.#.# ###. ##
....#..........##.#.# .#
###.....####......#.. . ###.#
###### ##


You could see a kobold (ally target) and a friendly rat skeleton.

Vanquished Creatures
  A giant cockroach (D:1)
  2 rats (D:1)
3 creatures vanquished.

Notes
Turn   | Place    | Note
-------+----------+-------------------------------------------
     0 | D:1      | NogeeEf the Djinni Necromancer began the quest for the Orb.
     0 | D:1      | NogeeEf set off with the following spells memorised:
                  | Necrotise, Vampiric Draining, Animate Dead, Agony.
     0 | D:1      | Reached XP level 1. HP: 15/15 MP: 0/0
    49 | D:1      | Slain by a kobold

Illustrated notes

Levels and vault maps discovered:
D:1:      dpeg_arrival_shelter, layout_loops_cross,
          dreamdust_ecumenical_altar_angels_and_demons, st_stairs_2,
          item_on_display_a

Action                   || total
-------------------------++-------
Melee: Unarmed           ||     1
 Cast: Necrotise         ||     6
Armor: Robe              ||     3
Dodge: Dodged            ||     5
